 Dungeon Crawl Stone Soup version 0.30-a0-989-g0d87f670db (webtiles) character file.

Game seed: 17010496668675083342

134 Sobieck the Ruffian (level 4, 0/45 HPs)
             Began as a Troll Monk on Apr 2, 2023.
             Succumbed to an orc's poison
             ... on level 4 of the Dungeon.
             The game lasted 00:03:20 (2438 turns).

Sobieck the Ruffian (Troll Monk)                    Turns: 2438, Time: 00:03:21

Health: 0/45       AC:  4    Str: 21    XL:     4   Next: 95%
Magic:  3/3        EV: 10    Int:  6    God:
Gold:   155        SH:  0    Dex: 12    Spells: 3/3 levels left

rFire   . . .      SeeInvis .      - Unarmed
rCold   . . .      Faith    .    (no shield)
rNeg    . . .      Spirit   .    a - +0 robe
rPois   .          Reflect  .    (helmet restricted)
rElec   .          Rampage  .    (no cloak)
rCorr   .                        (gloves unavailable)
Will    .....                    (boots unavailable)
Stlth   ++                       (no amulet)
HPRegen 1.07/turn                (no ring)
MPRegen 0.08/turn                (no ring)

@: lethally poisoned (0 -> -5)
A: large, unfitting armour, claws 3, regeneration 1, shaggy fur 1, tough skin 1
a: no special abilities


You were on level 4 of the Dungeon.
You visited 1 branch of the dungeon, and saw 4 of its levels.

You collected 155 gold pieces.


Innate Abilities, Weirdness & Mutations

You are too large for most types of armour.
You have claws for hands.
Your natural rate of healing is unusually fast.
You are covered in fur. (AC +1)
You have tough skin. (AC +1)


   Skills:
 + Level 3.1 Fighting
 + Level 3.1 Dodging
 - Level 1.0 Stealth
 * Level 4.5 Unarmed Combat


You had 3 spell levels left.
You didn't know any spells.
Your spell library contained the following spells:

 Spells                   Type           Power      Damage    Failure   Level
 Freeze                   Ice            0%         1d3       45%         1
 Blink                    Tloc           0%         N/A       58%         2
 Lesser Beckoning         Tloc           0%         N/A       58%         2
 Momentum Strike          Conj/Tloc      0%         3d8       58%         2
 Frozen Ramparts          Ice            0%         1d1       83%         3
 Hailstorm                Conj/Ice       0%         3d3       83%         3
 Portal Projectile        Hex/Tloc       0%         N/A       83%         3
 Tukima's Dance           Hex            0%         N/A       83%         3
 Blade Hands              Tmut           0%         N/A       100%        5

Inventory:

Missiles
 d - 45 stones (quivered) {throwing}
 g - 13 poisoned darts {throwing}
 t - 4 boomerangs {throwing}
Armour
 a - a +0 robe (worn)
Magical Staves
 j - a staff of poison {!astaff}
   (You found it on level 1 of the Dungeon)
 v - a staff of earth {!astaff}
   (You found it on level 3 of the Dungeon)
Scrolls
 e - 2 scrolls of teleportation {unknown}
 f - 2 scrolls of amnesia {unknown}
 h - a scroll of fog {unknown}
 l - a scroll of enchant armour {unknown}
 n - 3 scrolls of identify {unknown}
 o - 2 scrolls of fear {unknown}
 p - a scroll of noise {unknown}
Potions
 b - a potion of ambrosia
 c - 2 potions of heal wounds {unknown}
 i - a potion of degeneration {unknown}
 k - a potion of flight {unknown}
 m - 2 potions of cancellation {unknown}
 q - 3 potions of berserk rage {unknown}
 r - 2 potions of might {unknown}
 s - 3 potions of mutation {unknown}
 u - a potion of brilliance {unknown}

Dungeon Overview and Level Annotations

Branches:
Dungeon (4/15) Zot: 21569
 Temple: D:4-7

Altars:

Shops:
D:3

* # #.##.# #.# #.#..#.# #.#
#.##.#.# #.# #......# #.#
####......#####.# ####
.....##.#o.o.o..########....)
#.......######o........#
##....#.# #.###.#.####
#....#o# #@# #.#.# #......#
#.###.#.# ##.oo### ##...##.#
#...# #..<...# #...#
#.......... #...# #..#.....#.
..... ##....#.... o.....
#.#.....#. ....$.. #. .#.#...


You could see an orc.


Message History

You see here a bat corpse.
n - 3 scrolls labelled KINUEL OXUDAL (gained 1)
You now have 150 gold pieces (gained 10).
You see here a +0 hand axe {axe}.
g - 13 poisoned darts {throwing} (gained 5) Unknown command.
u - a smoky clear potion A rat comes into view.
Danger!
A rat is nearby!
You claw the rat!
You kill the rat!
No target in view!
You see here a rat corpse.
Found a stone staircase leading up.
Unknown command.
You now have 155 gold pieces (gained 5).
Found Naunam's General Store.
Found an escape hatch in the ceiling.
Unknown command.
There is an escape hatch in the ceiling here.
There is an entrance to Naunam's General Store here.
Unknown command.
There is an escape hatch in the ceiling here.
Found a stone staircase leading down.
Unknown command.
A hound comes into view.
Danger!
The hound barks!
The hound barely misses you.
You scratch the hound. The hound bites you.
You claw the hound!
You kill the hound!
No target in view!
No target in view!
You see here a hound corpse.
You enter the shallow water.
You enter the shallow water.
v - a staff of earth {!astaff} A ball python comes into view.
The ball python hisses angrily.
Danger!
The ball python bites you but does no damage.
You closely miss the ball python.
The ball python bites you but does no damage.
You closely miss the ball python.
The ball python bites you but does no damage.
A ball python is nearby!
You scratch the ball python.
You kill the ball python!
No target in view!
You see here a ball python corpse.
Found a stone staircase leading down.
You see here a +0 falchion {long}.
You enter the shallow water.
Partly explored, can't reach some places.
(D) Dungeon
Where to? (Enter - D:3, ? - help)
There is a stone staircase leading down here.
You climb downwards.
There is a stone staircase leading up here.
Unknown command.
Unknown command.
Unknown command.
s - 3 red potions (gained 1) 2 orcs come into view.
An orc is wielding a +0 hand axe of venom.
Danger!
An orc and an orc priest come into view.
The orc shouts!
The orc priest shouts!
The orc hits you with a +0 hand axe of venom.
You are poisoned.
The orc priest mumbles some strange prayers to Beogh against you.
Beogh smites you! The orc closely misses you.
You feel sick. The orc misses you.
The orc hits you with a +0 hand axe of venom.
You are more poisoned.
You feel very sick.
An orc comes into view. It is wielding a +0 whip.
The orc attacks as you move away! The orc barely misses you.
You feel very sick. The orc attacks as you move away!
The orc closely misses you.
You feel sick. The orc attacks as you move away! The orc closely misses you.
You feel sick.
You feel sick.
You feel sick.
You feel sick. The orc attacks as you move away!
The orc hits you but does no damage.
You are more poisoned.
You feel sick.
You feel sick.
You feel sick.
The orc priest mumbles some strange prayers to Beogh against you.
Beogh smites you!
* * * LOW HITPOINT WARNING * * *
Unknown command.
The orc attacks as you move away! The orc misses you.
You feel sick. The orc attacks as you move away!
The orc hits you with a +0 hand axe of venom.
* * * LOW HITPOINT WARNING * * *
You are lethally poisoned!
You die...

Skill      XL: |  1  2  3  4 |
---------------+-------------+-----
Unarmed Combat | 4 |  4.5
Dodging        | 3 |  3.1
Fighting       | 3 |  3.1
Stealth        | |  1.0

Action                     |  1- 3 |  4- 6 || total
---------------------------+-------+-------++-------
  Melee: Unarmed           |    67 |    34 ||   101
         Punch             |     1 |       ||     1
   Stab: Sleeping          |     5 |       ||     5
 Armour: Robe              |    20 |    14 ||    34
  Dodge: Dodged            |    21 |    32 ||    53

Levels and vault maps discovered:
D:1:      dpeg_arrival_water_temple_mockup, layout_basic, st_stairs_2
D:2:      layout_loops_ring
D:3:      layout_basic, serial_shops, shop_statue,
          minmay_misc_feat_secret_circle, supply_closet_lemuel,
          serial_bayou_pond_b, minmay_misc_feat_encased,
          corexii_item_surrounded_by_moat, chequers_serial_rivers_small_3,
          minmay_tree_intersection, roderic_filled_cross
D:4:      layout_loops_cross, mainiacjoe_overflow_big_doors,
          mainiacjoe_overflow_chevrons, grunt_ministairs_6,
          minmay_misc_feat_five, corexii_item_surrounded_by_moat,
          kennysheep_generic_room_10

Notes
Turn   | Place    | Note
-------+----------+-------------------------------------------
     0 | D:1      | Sobieck the Troll Monk began the quest for the Orb.
     0 | D:1      | Reached XP level 1. HP: 22/22 MP: 0/0
    97 | D:1      | You pick up a book of Spatial Translocations and begin
                  | reading...
    97 | D:1      | You add the spells Blink, Momentum Strike and Lesser
                  | Beckoning to your library.
   186 | D:1      | Reached XP level 2. HP: 29/29 MP: 1/1
   864 | D:2      | Reached XP level 3. HP: 32/36 MP: 2/2
  1469 | D:3      | You pick up a book of Frost and begin reading...
  1469 | D:3      | You add the spells Freeze, Frozen Ramparts and Hailstorm to
                  | your library.
  1540 | D:3      | You pick up a book of Weapons and begin reading...
  1540 | D:3      | You add the spells Tukima's Dance, Portal Projectile and
                  | Blade Hands to your library.
  1621 | D:3      | Reached skill level 4 in Unarmed Combat
  1621 | D:3      | Reached XP level 4. HP: 20/44 MP: 3/3
  1637 | D:3      | Reached skill level 3 in Dodging
  2023 | D:3      | Reached skill level 3 in Fighting
  2137 | D:3      | Found Naunam's General Store.
  2436 | D:4      | HP: 6/45 [orc priest/divine providence (16)]
  2438 | D:4      | HP: 1/45 [orc/+0 hand axe of venom (5)]
  2438 | D:4      | Succumbed to an orc's poison

Vanquished Creatures
  A hound (D:3)
  An orc priest (D:3)
  2 adders
  5 orcs (D:3)
  9 ball pythons
  3 endoplasms (D:1)
  2 giant cockroaches
  6 goblins
  4 hobgoblins
  2 jackals (D:2)
  6 bats
  7 kobolds
  2 rats
50 creatures vanquished.

Vanquished Creatures (others)
  3 plants (D:3)
3 creatures vanquished.

Grand Total: 53 creatures vanquished

Table legend:
 A = Non-vault XP
 B = Vault XP
 C = Vault XP percentage of total XP
 D = Non-vault monster count
 E = Vault monster count
 F = Vault count percentage of total count
                 A         B        C        D         E       F
            +---------+---------+-------+---------+---------+-------
      Total |     171 |      21 |  10.9 |      43 |       7 |  14.0
            +---------+---------+-------+---------+---------+-------
        D:1 |      17 |       4 |  19.0 |      10 |       2 |  16.7
        D:2 |      44 |       0 |   0.0 |      19 |       0 |   0.0
        D:3 |     110 |      17 |  13.4 |      14 |       5 |  26.3
            +---------+---------+-------+---------+---------+-------

Illustrated notes

Table legend:
 A = Kills in this place as a percentage of kills in the entire game.
 B = Kills by you in this place as a percentage of kills by you in the entire game.
 C = Kills by friends in this place as a percentage of kills by friends in the entire game.
 D = Other kills in this place as a percentage of other kills in the entire game.
 E = Experience gained in this place as a percentage of experience gained in the entire game.
 F = Experience gained in this place divided by the number of levels of this place that you have seen.
                   A       B       C       D       E      F
               +-------+-------+-------+-------+-------+----------------------
         Total | 100.0 | 100.0 |   N/A |   N/A | 100.0 |  48.0
       Dungeon | 100.0 | 100.0 |   N/A |   N/A | 100.0 |  48.0
               +-------+-------+-------+-------+-------+----------------------

Table legend: (Time is in decaauts)
 A = Elapsed time spent in this place.
 B = Non-inter-level travel time spent in this place.
 C = Inter-level travel time spent in this place.
 D = Time resting spent in this place.
 E = Time spent auto-exploring this place.
 F = Levels seen in this place.
 G = Mean time per level.
                   A        B        C        D        E       F      G
               +--------+--------+--------+--------+--------+-----+--------+
         Total |   2430 |   2370 |     60 |     17 |   2041 |   4 |  607.5 |
       Dungeon |   2430 |   2370 |     60 |     17 |   2041 |   4 |  607.5 |
               +--------+--------+--------+--------+--------+-----+--------+

Top non-repeatable levels by time:
     D:3: 958 daAuts
     D:1: 759 daAuts
     D:2: 670 daAuts
     D:4: 41 daAuts
